 Dungeon Crawl Stone Soup version 0.21.1-1-g345015f (webtiles) character file.

349 shakethe the Chopper (level 6, -2/56 HPs)
             Began as a Minotaur Fighter on Feb 20, 2018.
             Succumbed to Edmund's poison
             ... on level 3 of the Dungeon.
             The game lasted 00:04:10 (2591 turns).

shakethe the Chopper (Minotaur Fighter)             Turns: 2591, Time: 00:04:11

Health: -2/56      AC: 14    Str: 20    XL:     6   Next: 33%
Magic:  5/5        EV:  5    Int:  7    God:
Gold:   259        SH:  9    Dex: 10    Spells: 5/5 levels left

rFire    . . .     SeeInvis .   a - +0 war axe
rCold    + . .     Gourm    +   c - +0 shield
rNeg     . . .     Faith    .   p - +1 chain mail {rC+}
rPois    .         Spirit   .   (helmet restricted)
rElec    .         Reflect  .   d - +2 cloak
rCorr    .         Harm     .   (no gloves)
MR       .....                  (no boots)
Stlth    ..........             m - amulet of the gourmand {Gourm, !d}
HPRegen  0.18/turn              (no ring)
MPRegen  0.09/turn              (no ring)

@: lethally poisoned (-2 -> -53)
A: retaliatory headbutt, horns 2
a: no special abilities


You were on level 3 of the Dungeon.
You were not hungry.

You visited 1 branch of the dungeon, and saw 4 of its levels.

You collected 259 gold pieces.

Inventory:

Hand Weapons
 a - a +0 war axe (weapon)
 x - a +2 mace of protection
   (You found it on level 3 of the Dungeon)
Armour
 c - a +0 shield (worn)
 d - a +2 cloak (worn)
   (You took it off Crazy Yiuf on level 3 of the Dungeon)
 p - a +1 chain mail of cold resistance (worn)
   (You found it on level 2 of the Dungeon)
Jewellery
 m - an amulet of the gourmand (around neck) {Gourm, !d}
   (You found it on level 1 of the Dungeon)
Wands
 q - a wand of acid (15)
   (You found it on level 2 of the Dungeon)
 t - a wand of iceblast (4)
   (You found it on level 3 of the Dungeon)
Scrolls
 e - 3 scrolls of enchant armour {unknown}
 i - a scroll of random uselessness {unknown}
 j - 2 scrolls of enchant weapon {unknown}
 k - 6 scrolls of fear {unknown}
 l - 4 scrolls of magic mapping {unknown}
 n - a scroll of identify {unknown}
 o - 2 scrolls of teleportation {unknown}
Potions
 h - a potion of lignification {!q}
Comestibles
 f - 4 rations


   Skills:
 + Level 5.3 Fighting
 * Level 6.0 Axes
 + Level 5.2 Armour
 - Level 3.6 Shields


You had 5 spell levels left.
You didn't know any spells.

Dungeon Overview and Level Annotations

Branches:
Dungeon (4/15)
 Temple: D:4-7

Altars:
Cheibriados
Elyvilon
Fedhas

Annotations:
D:3 Edmund


Innate Abilities, Weirdness & Mutations

You reflexively headbutt those who attack you in melee.
You have a pair of horns on your head.


Message History

Unknown command.
You hit Edmund but do no damage. Your headbutt misses Edmund.
You feel sick. Edmund hits you but does no damage.
You are more poisoned.
You take 1 damage, and have 46/56 hp.
You feel sick.
You feel sick.
You take 1 damage, and have 45/56 hp.
You feel sick.
You take 1 damage, and have 44/56 hp.
You feel sick.
You take 1 damage, and have 43/56 hp.
You feel sick.
You feel sick.
You take 1 damage, and have 42/56 hp.
You feel sick.
You take 1 damage, and have 41/56 hp.
You feel sick.
You feel sick.
You take 1 damage, and have 40/56 hp.
You feel sick.
Edmund hits you with a dire flail of venom!
You take 7 damage, and have 33/56 hp.
There is a stone staircase leading up here.
You feel sick.
Edmund hits you with a dire flail of venom!
You climb upwards.
There is a stone staircase leading down here.
You take 7 damage, and have 26/56 hp.
Okay, then.
You feel sick.
You take 1 damage, and have 25/56 hp.
You don't know any spells.
Unknown command.
It was a potion of lignification.
You turn into a tree.
Your +2 cloak melds into your body.
Your +1 chain mail of cold resistance melds into your body.
You feel less resistant to cold.
Your roots penetrate the ground.
Edmund hits you with a dire flail of venom.
You now have 36/84 hp.
You hit Edmund.
You feel sick.
You are no longer poisoned.
Edmund hits you but does no damage.
You take 1 damage, and have 35/84 hp.
You barely miss Edmund. Edmund hits you but does no damage.
You barely miss Edmund. Edmund hits you but does no damage.
You slash Edmund! You block Edmund's attack.
You closely miss Edmund. Edmund hits you but does no damage.
You are poisoned.
Edmund hits you but does no damage.
You are more poisoned.
You barely miss Edmund.
You feel sick. Edmund hits you but does no damage.
You take 1 damage, and have 35/84 hp.
You hit Edmund but do no damage.
You feel sick. Edmund barely misses you.
You take 1 damage, and have 34/84 hp.
You hit Edmund but do no damage.
You feel sick.
Edmund hits you with a dire flail of venom.
You are more poisoned.
You take 5 damage, and have 29/84 hp.
It was a potion of magic.
Magic courses through your body.
You feel sick.
Edmund hits you with a dire flail of venom.
* * * LOW HITPOINT WARNING * * *
You are more poisoned.
You take 5 damage, and have 24/84 hp.
It was a potion of resistance.
You feel protected.
* * * LOW HITPOINT WARNING * * *
You feel sick.
Edmund hits you with a dire flail of venom.
* * * LOW HITPOINT WARNING * * *
You are more poisoned.
Okay, then.
You take 5 damage, and have 19/84 hp.
It was a potion of cancellation.
Your magical effects are unravelling.
You feel magically purged.
You feel less wooden.
Your +2 cloak unmelds from your body.
Your +1 chain mail of cold resistance unmelds from your body.
You feel resistant to cold.
Your resistance to elements expires.
* * * LOW HITPOINT WARNING * * *
You feel very sick.
Edmund hits you with a dire flail of venom.
* * * LOW HITPOINT WARNING * * *
You are more poisoned.
You now have 6/56 hp.
Okay, then.
As you read the scroll labeled DUM RUSKUREL, it crumbles to dust.
It is a scroll of amnesia.
You feel forgetful for a moment.
* * * LOW HITPOINT WARNING * * *
You feel very sick. Edmund hits you but does no damage.
You are more poisoned.
You take 4 damage, and have 2/56 hp.
As you read the scroll labeled FAMAIDGH EKERA, it crumbles to dust.
The creatures around you are filled with an inner flame!
It was a scroll of immolation.
You die...

#.# #)))# #.# #)).# #.# #..)# #.#
##### #># #########.# #.......#.#
♣ #.#####.#@# ########## ♣♣♣
♣♣.#####.#@## #........#### ..♣♣
♣♣.....##....###.##.........
...♣♣♣................##..##.#.#.
≈...♣...≈≈≈.......######..##...#.
≈≈.....≈≈≈≈≈...#.## #..###..#.
≈≈.....≈≈♣≈≈...#.# #.........
≈≈.....≈≈≈≈≈...#.# ######.###
≈...♣...≈≈≈....#+## #.#
...♣♣♣.......#....## #.#


You could see Edmund (inner flame).

Vanquished Creatures
  A phantom (D:4)
  A jelly (D:2)
  An orc priest (D:2)
  An orc wizard (D:2)
  Crazy Yiuf (D:3)
  3 adders
  4 oozes
  4 dart slugs (D:2)
  2 worms (D:2)
  2 leopard geckos (D:3)
  5 orcs
  3 giant cockroaches
  8 goblins
  7 hobgoblins
  9 jackals
  2 quokkas (D:2)
  6 bats
  6 frilled lizards
  9 kobolds
  5 rats
80 creatures vanquished.

Notes
Turn   | Place    | Note
-------+----------+-------------------------------------------
     0 | D:1      | shakethe the Minotaur Fighter began the quest for the Orb.
     0 | D:1      | Reached XP level 1. HP: 19/19 MP: 0/0
   211 | D:1      | Reached skill level 3 in Axes
   211 | D:1      | Reached XP level 2. HP: 25/27 MP: 1/1
   239 | D:1      | Reached skill level 4 in Fighting
   239 | D:1      | Reached skill level 4 in Armour
   273 | D:1      | Reached XP level 3. HP: 33/33 MP: 2/2
   667 | D:2      | Reached skill level 4 in Axes
   699 | D:2      | Reached XP level 4. HP: 31/40 MP: 3/3
   911 | D:2      | Reached XP level 5. HP: 47/47 MP: 4/4
   926 | D:2      | Reached skill level 5 in Axes
  1356 | D:3      | Found a blossoming altar of Fedhas.
  1383 | D:3      | Found a white marble altar of Elyvilon.
  1458 | D:3      | Reached skill level 5 in Fighting
  1625 | D:3      | Found a runed door.
  1643 | D:3      | Found a snail-covered altar of Cheibriados.
  2168 | D:3      | Noticed Crazy Yiuf
  2177 | D:3      | HP: 8/48 [Crazy Yiuf/quarterstaff of chaos (7)]
  2179 | D:3      | Killed Crazy Yiuf
  2179 | D:3      | Reached skill level 5 in Armour
  2511 | D:4      | Noticed a phantom
  2526 | D:4      | Killed a phantom
  2526 | D:4      | Reached skill level 6 in Axes
  2526 | D:4      | Reached XP level 6. HP: 55/56 MP: 5/5
  2542 | D:4      | Noticed Edmund
  2588 | D:3      | HP: 19/84 [Edmund/dire flail of venom (4)]
  2589 | D:3      | HP: 9/56 [poisoned by Edmund]
  2590 | D:3      | HP: 2/56 [poisoned by Edmund]
  2591 | D:3      | Succumbed to Edmund's poison

Skill      XL: |  1  2  3  4  5 |
---------------+----------------+-----
Axes           | 3 4 6 |  6.0
Fighting       | 4 5 |  5.3
Armour         | 4 5 |  5.2
Shields        | |  3.6

Action                   |  1- 3 |  4- 6 || total
-------------------------+-------+-------++-------
Melee: War axe           |    79 |   120 ||   199
       Headbutt          |     9 |    22 ||    31
  Use: Potion            |       |     5 ||     5
       Scroll            |       |     2 ||     2
  Eat: Chunk             |    11 |     4 ||    15
Armor: Scale mail        |    52 |     3 ||    55
       Chain mail        |       |    33 ||    33
       Skin              |       |     6 ||     6
Dodge: Dodged            |    31 |    17 ||    48
Block: Shield            |    54 |    51 ||   105

Vault maps used:
D:1:      lightli_arrival_statuegarden, corexii_item_surrounded_by_moat
D:2:      cheibrodos_pilgrimage, first_ration
D:3:      fedhas_altar_3, cheibriados_altar_1, elyvilon_altar_3,
          uniq_crazy_yiuf_cottage
D:4:      kiku_gazebo_garden_becter, nemelex_altar_shiori,
          vehumet_altar_wand_db, minmay_temple_entry_mist, minmay_crystal_room,
          lemuel_flame_loot_1, uniq_edmund, uniq_menkaure

Table legend:
 A = Turns spent in this place as a percentage of turns spent in the entire game.
 B = Non-inter-level travel turns spent in this place as a percentage of non-inter-level travel turns spent in the entire game.
 C = Inter-level travel turns spent in this place as a percentage of turns spent in this place.
 D = Turns resting spent in this place as a percentage of non-inter-level travel turns spent in this place.
 E = Turns spent auto-exploring this place as a percentage of non-inter-level travel turns spent in this place.
 F = Non-inter-level travel turns spent in this place divided by the number of levels of this place that you've seen.
                   A       B       C       D       E      F
               +-------+-------+-------+-------+-------+----------------------
         Total | 100.0 | 100.0 |   3.0 |  17.8 |  63.0 | 628.0
       Dungeon | 100.0 | 100.0 |   3.0 |  17.8 |  63.0 | 628.0
               +-------+-------+-------+-------+-------+----------------------

Table legend:
 A = Kills in this place as a percentage of kills in entire the game.
 B = Kills by you in this place as a percentage of kills by you in the entire game.
 C = Kills by friends in this place as a percentage of kills by friends in the entire game.
 D = Other kills in this place as a percentage of other kills in the entire game.
 E = Experience gained in this place as a percentage of experience gained in the entire game.
 F = Experience gained in this place divided by the number of levels of this place that you have seen.
                   A       B       C       D       E      F
               +-------+-------+-------+-------+-------+----------------------
         Total | 100.0 | 100.0 |   N/A |   N/A | 100.0 | 124.8
       Dungeon | 100.0 | 100.0 |   N/A |   N/A | 100.0 | 124.8
               +-------+-------+-------+-------+-------+----------------------
